 Dungeon Crawl Stone Soup version 0.31-a0-716-gc7603755dd (webtiles) character file.

Game seed: 2508346797208818559

4043 Ekaitz the Zephyrmancer (level 10, -23/58 HPs)
             Began as a Tengu Air Elementalist on Sept 10, 2023.
             Was an Initiate of Vehumet.
             Annihilated by Snorg (27 damage)
             ... on level 10 of the Dungeon.
             The game lasted 00:16:09 (9269 turns).

Ekaitz the Zephyrmancer (Tengu Air Elementalist)    Turns: 9269, Time: 00:16:09

Health: -23/58     AC:  3    Str:  9    XL:     10   Next: 24%
Magic:  3/19       EV: 17    Int: 25    God:    Vehumet [......]
Gold:   775        SH: 18    Dex: 21    Spells: 8/20 levels left

rFire   . . .        c - +2 dagger (freeze)
rCold   + + .        r - +3 kite shield "Fuaxtiam" {rC++}
rNeg    . . .        a - +0 robe
rPois   .            (helmet restricted)
rElec   .            M - +0 cloak
rCorr   .            (no gloves)
SInv    .            (boots unavailable)
Will    .....        j - amulet of reflection
Stlth   +++          F - +6 ring of intelligence
HPRegen 0.29/turn    K - +6 ring of dexterity
MPRegen 0.16/turn

%: reflection, acrobat
@: flying
A: beak, talons 3, evasive flight, acrobatic
a: Renounce Religion


You were on level 10 of the Dungeon.
You worshipped Vehumet.
Vehumet was noncommittal.
You visited 2 branches of the dungeon, and saw 11 of its levels.

You collected 775 gold pieces.

Inventory:

Hand Weapons
 c - a +2 dagger of freezing (weapon)
 y - a +2 flail of protection
 J - a +1 morningstar of holy wrath
Missiles
 e - 18 poisoned darts
 q - 4 throwing nets
Armour
 a - a +0 robe (worn)
 h - the orb "Quritew" {*Rage, MP+9 Str+4}
   (You found it on level 2 of the Dungeon)

   Str+4:     It affects your strength (+4).
   MP+9:      It affects your magic capacity (+9).
 r - the +3 kite shield "Fuaxtiam" (worn) {rC++}
   (You found it on level 4 of the Dungeon)

   rC++:      It greatly protects you from cold.
 M - a +0 cloak (worn)
 N - a scarf of invisibility
 P - the +1 robe "Ynnug" {+Inv Str-4 Int-4 Archmagi}
   (You found it on level 9 of the Dungeon)

   Str-4:     It affects your strength (-4).
   Int-4:     It affects your intelligence (-4).
   +Inv:      It lets you turn invisible.
   Archmagi:  It increases the power of your magical spells.
Magical Staves
 O - a staff of death
Jewellery
 j - an amulet of reflection (around neck)
 s - an amulet of regeneration
 x - a ring of ice
 A - an amulet of faith
 F - a +6 ring of intelligence (left hand)
 K - a +6 ring of dexterity (right hand)
Talismans
 E - a beast talisman
Wands
 o - a wand of digging (3)
 D - a wand of acid (11)
Scrolls
 d - 2 scrolls of fog {unknown}
 f - 2 scrolls of amnesia {unknown}
 g - a scroll of fear {unknown}
 i - 12 scrolls of teleportation {unknown}
 k - 3 scrolls of poison {unknown}
 l - a scroll of enchant weapon {unknown}
 m - 10 scrolls of identify {unknown}
 n - 2 scrolls of noise {unknown}
 t - 3 scrolls of immolation {unknown}
 w - 2 scrolls of acquirement {unknown}
 G - 2 scrolls of butterflies {unknown}
 I - a scroll of enchant armour {unknown}
 Q - a scroll of revelation {unknown}
Potions
 b - 2 potions of magic
 p - 7 potions of curing {unknown}
 u - 3 potions of haste {unknown}
 v - a potion of degeneration {unknown}
 z - a potion of ambrosia {unknown}
 B - 5 potions of heal wounds {unknown}
 C - 3 potions of attraction {unknown}
 H - 2 potions of might {unknown}
 L - 2 potions of lignification {unknown}
 R - a potion of brilliance {unknown}


   Skills:
 * Level 4.8 Fighting
 + Level 1.4 Short Blades
 * Level 5.7 Dodging
 + Level 3.5 Stealth
 * Level 3.9 Shields
 + Level 5.6 Spellcasting
 + Level 5.4 Conjurations
 * Level 1.2 Ice Magic
 * Level 10.8 Air Magic
 + Level 4.2 Poison Magic


You had 8 spell levels left.
You knew the following spells:

 Your Spells              Type           Power      Damage    Failure   Level
a - Shock                 Conj/Air       100%       1d9       1%          1
b - Static Discharge      Conj/Air       94%        2-6/arc   1%          2
c - Swiftness             Air            57%        N/A       1%          3
d - Airstrike             Air            28%        2d(5-21)  4%          4
e - Poisonous Vapours     Pois/Air       88%        N/A       2%          2

Your spell library contained the following spells:

 Spells                   Type           Power      Damage    Failure   Level
 Mephitic Cloud           Conj/Pois/Air  41%        N/A       7%          3
 Ensorcelled Hibernation  Hex/Ice        20%        N/A       41%         2
 Jinxbite                 Hex            14%        N/A       50%         2
 Freezing Cloud           Conj/Ice/Air   18%        6-21      67%         5
 Anguish                  Hex/Necr       3%         N/A       98%         4


Dungeon Overview and Level Annotations

Branches:
Dungeon (10/15)            Temple (1/1) D:5             Orc (0/2) D:9
   Lair: D:8-11

Altars:
Ashenzari
Cheibriados
Dithmenos
Elyvilon
Fedhas
Gozag
Hepliaklqana
Kikubaaqudgha
Makhleb
Nemelex Xobeh
Okawaru
Qazlal
Ru
Sif Muna
Trog
Uskayaw
Vehumet
Wu Jian
Xom
Yredelemnul
Zin
The Shining One

Shops:
D:4 (

Annotations:
D:10 Snorg


Innate Abilities, Weirdness & Mutations

You have a beak for a mouth.
You have claws for feet.
Your magical flight helps you evade attacks. (EV +4)
You can magically evade attacks while moving or waiting.


Message History

Unknown command.
Casting: Airstrike (dangerous; 4% risk of failure)
Confirm with . or Enter, or press ? or * to list all spells.
Aiming: Airstrike (dangerous; 4% risk of failure)
Press: ? - help, Dir - move target, f/p - Snorg
Aim: Snorg (moderately wounded, extremely poisoned, empty space bonus: 3/8)
The air twists around and strikes Snorg!
Snorg is moderately wounded.
Snorg goes berserk!
Unknown command.
Casting: Airstrike (dangerous; 4% risk of failure)
Confirm with . or Enter, or press ? or * to list all spells.
You don't have enough magic to cast this spell.
Aiming: Shock (safe; 1% risk of failure)
Press: ? - help, Q - select action, (/) - cycle Shift-Dir - straight line, f/p - Snorg
Aim: Snorg (moderately wounded, berserk, extremely poisoned, 74% to hit)
The zap hits Snorg!
Snorg is heavily wounded.
The zap hits Snorg!
Snorg is heavily wounded.
You block Snorg's attack. Snorg claws you! You block Snorg's attack.
You hit Snorg. You freeze Snorg. You claw Snorg.
Snorg is heavily wounded.
You block Snorg's attack. x2; Snorg barely misses you.
You block Snorg's attack. x2
Snorg barely misses you.
Unknown command.
Aiming: Corrosive Bolt
Press: ? - help, Shift-Dir - straight line, f/p - Snorg
Aim: Snorg (heavily wounded, berserk, very poisoned, 71% to hit)
The bolt of acid misses Snorg.
Snorg bites you!!
* * * LOW HITPOINT WARNING * * *
Snorg misses you. You block Snorg's attack.
Unknown command.
Aiming: Corrosive Bolt
Press: ? - help, Shift-Dir - straight line, f/p - Snorg
Aim: Snorg (heavily wounded, berserk, very poisoned, 71% to hit)
The bolt of acid hits Snorg!
The acid corrodes Snorg!
Snorg is severely wounded.
Snorg bites you!!
You die...

...# ...# ... .. .# ##.#
###T.# #..@# #.###
#######+#### #######.####
#..........#
#.(........####..........#
#.............#..........#
#..........##.'..........#
#..........####..........#
#..........# #..........+
#..........# #..........#


You could see Snorg (berserk, very poisoned, corroded).

Vanquished Creatures
  A two-headed ogre (D:8)
  A shadow (D:10)
  2 wyverns
  5 water moccasins
  Edmund (D:5)
  An orc warrior (D:9)
  2 ice beasts
  A sky beast (D:6)
  6 centaurs
  A kobold brigand (D:7)
  A phantom (D:4)
  4 bullfrogs
  2 scorpions (D:4)
  2 howler monkeys
  A crimson imp (D:8)
  A hound (D:7)
  2 gnoll boudas
  3 orc priests
  Natasha (thrice) (D:4)
  4 iguanas
  4 orc wizards (D:8)
  14 gnolls
  6 adders
  4 white imps
  3 worms
  2 dart slugs
  23 orcs
  7 endoplasms
  5 giant cockroaches
  9 goblins
  6 hobgoblins
  3 jackals (D:2)
  9 kobolds
  3 quokkas
  5 ball pythons
  5 bats
  5 frilled lizards
  6 rats
163 creatures vanquished.

Vanquished Creatures (others)
  5 dream sheep (D:8)
5 creatures vanquished.

Grand Total: 168 creatures vanquished

Notes
Turn   | Place    | Note
-------+----------+-------------------------------------------
     0 | D:1      | Ekaitz the Tengu Air Elementalist began the quest for the
                  | Orb.
     0 | D:1      | Reached XP level 1. HP: 10/10 MP: 4/4
   243 | D:1      | Reached XP level 2. HP: 13/15 MP: 0/6
   355 | D:1      | Learned a level 2 spell: Static Discharge
   805 | D:1      | Reached XP level 3. HP: 20/20 MP: 4/7
   809 | D:1      | Learned a level 3 spell: Swiftness
   809 | D:1      | Upgraded the game from 0.31-a0-705-ga145531891 to
                  | 0.31-a0-716-gc7603755dd
  1595 | D:2      | Identified the orb "Quritew" {*Rage, MP+9 Str+4}
  1671 | D:2      | Found a hazy altar of Hepliaklqana.
  1901 | D:2      | Reached skill level 5 in Air Magic
  2270 | D:2      | Reached XP level 4. HP: 24/24 MP: 9/9
  2273 | D:2      | Learned a level 2 spell: Poisonous Vapours
  2870 | D:3      | Reached XP level 5. HP: 28/28 MP: 10/10
  3217 | D:4      | Noticed Natasha
  3220 | D:4      | Killed Natasha
  3221 | D:4      | Reached skill level 1 in Poison Magic
  3223 | D:4      | Noticed a phantom
  3238 | D:4      | HP: 2/42 [phantom (6)]
  3239 | D:4      | Killed a phantom
  3240 | D:4      | Reached skill level 1 in Fighting
  3268 | D:4      | Noticed Natasha
  3275 | D:4      | Killed Natasha
  3276 | D:4      | Reached XP level 6. HP: 6/34 MP: 2/11
  3277 | D:4      | Identified the +3 kite shield "Fuaxtiam" {rC++}
  3345 | D:4      | Noticed Natasha
  3356 | D:4      | Killed Natasha
  3547 | D:4      | Found Coatirchu's Antique Weapon Boutique.
  3665 | D:4      | Reached skill level 6 in Air Magic
  3802 | D:4      | Found a large runed translucent door.
  3803 | D:4      | Found a large runed translucent door.
  3925 | D:4      | Gained mutation: Your magical flight helps you evade
                  | attacks. (EV +4) [Tengu growth]
  3925 | D:4      | Reached XP level 7. HP: 39/39 MP: 13/13
  4367 | D:4      | Reached skill level 1 in Shields
  4501 | D:4      | Found a snail-covered altar of Cheibriados.
  4534 | D:4      | Found a shimmering blue altar of Sif Muna.
  4644 | D:5      | Entered Level 5 of the Dungeon
  4709 | D:5      | Reached skill level 7 in Air Magic
  4933 | D:5      | Noticed Edmund
  4942 | D:5      | Killed Edmund
  4943 | D:5      | Reached XP level 8. HP: 45/45 MP: 14/14
  5296 | D:5      | Found a staircase to the Ecumenical Temple.
  5305 | Temple   | Entered the Ecumenical Temple
  5496 | D:6      | Reached skill level 1 in Short Blades
  5617 | D:6      | Learned a level 4 spell: Airstrike
  5913 | D:6      | Reached skill level 8 in Air Magic
  6436 | D:7      | Reached XP level 9. HP: 51/51 MP: 16/16
  6735 | D:7      | Reached skill level 9 in Air Magic
  7155 | D:8      | Noticed a two-headed ogre
  7164 | D:8      | Killed a two-headed ogre
  7165 | D:8      | Reached skill level 5 in Dodging
  7165 | D:8      | Reached skill level 5 in Spellcasting
  7247 | D:8      | Reached skill level 5 in Conjurations
  7249 | D:8      | Reached skill level 10 in Air Magic
  7429 | D:8      | Found a shimmering altar of Xom.
  7626 | D:8      | Reached XP level 10. HP: 56/56 MP: 19/19
  8261 | D:9      | Found a staircase to the Orcish Mines.
  8323 | D:9      | Reached skill level 1 in Ice Magic
  8476 | D:9      | Identified the +1 robe "Ynnug" {+Inv Str-4 Int-4 Archmagi}
  8985 | D:10     | Entered Level 10 of the Dungeon
  9028 | D:10     | Found a radiant altar of Vehumet.
  9040 | D:10     | Became a worshipper of Vehumet
  9260 | D:10     | Noticed Snorg
  9269 | D:10     | Annihilated by Snorg

Illustrated notes

Levels and vault maps discovered:
D:1:      minmay_arrival_widening_spiral_narrow, layout_basic, minmay_domino_4
D:2:      layout_rooms, basic_altar, chequers_serial_rivers_micro_d,
          minmay_hedge_maze
D:3:      layout_loops_cross
D:4:      layout_basic, jmf_multi_god_temple2, serial_shops, shop,
          minmay_misc_feat_alley, minmay_diced_spiral, uniq_natasha
D:5:      layout_loops_ring, temple_hall, uniq_edmund
D:6:      layout_gridville, kennysheep_generic_room_10
D:7:      layout_loops_ring
D:8:      layout_basic, kb_xom_exploding_sheep, minmay_fire_ice_demons
D:9:      layout_long_grid, orc_0_dummy, minmay_misc_feat_five
D:10:     layout_roguey, nicolae_vehumet_altar_sigil, serial_shops,
          nicolae_shop_rolling_square, uniq_lodul, uniq_psyche, uniq_urug,
          uniq_snorg
Temple:   dpeg_five_rooms_temple

Skill      XL: |  1  2  3  4  5  6  7  8  9 10 |
---------------+-------------------------------+-----
Air Magic      | 5 6 7 8 10 | 10.8
Conjurations   | 2 3 4 5 |  5.4
Poison Magic   | 1 2 3 4 |  4.2
Fighting       | 1 2 3 4 |  4.8
Spellcasting   | 3 4 5 |  5.6
Dodging        | 3 4 5 |  5.7
Shields        | 1 2 3 |  3.9
Stealth        | 3 |  3.5
Short Blades   | 1 |  1.4
Ice Magic      | 1 |  1.2

Action                     |  1- 3 |  4- 6 |  7- 9 | 10-12 || total
---------------------------+-------+-------+-------+-------++-------
  Melee: Dagger            |     5 |    15 |    68 |     4 ||    92
         Kick              |     4 |     4 |    16 |     2 ||    26
         Peck              |       |     1 |    12 |     2 ||    15
   Cast: Shock             |    95 |    70 |    98 |    22 ||   285
         Poisonous Vapours |       |     9 |    14 |     4 ||    27
         Static Discharge  |       |     7 |    20 |     4 ||    31
         Airstrike         |       |       |    18 |     8 ||    26
  Evoke: Wand              |       |       |       |     2 ||     2
   Stab: Sleeping          |     1 |     3 |     7 |       ||    11
 Armour: Robe              |    11 |    18 |    27 |    10 ||    66
  Dodge: Dodged            |    17 |    20 |    75 |     6 ||   118
  Block: Orb               |       |     5 |    19 |       ||    24
         Kite shield       |       |       |       |    24 ||    24
         Reflection        |       |       |       |     5 ||     5

Table legend: (Time is in decaauts)
 A = Elapsed time spent in this place.
 B = Non-inter-level travel time spent in this place.
 C = Inter-level travel time spent in this place.
 D = Time resting spent in this place.
 E = Time spent auto-exploring this place.
 F = Levels seen in this place.
 G = Mean time per level.
                   A        B        C        D        E       F      G
               +--------+--------+--------+--------+--------+-----+--------+
         Total |   9430 |   9166 |    264 |    151 |   7901 |  11 |  857.3 |
       Dungeon |   9428 |   9165 |    263 |    151 |   7901 |  10 |  942.8 |
        Temple |      1 |      1 |      0 |      0 |      0 |   1 |    1.0 |
               +--------+--------+--------+--------+--------+-----+--------+

Top non-repeatable levels by time:
     D:1: 1593 daAuts
     D:4: 1482 daAuts
     D:8: 1010 daAuts
     D:7: 1000 daAuts
     D:9: 859 daAuts
     D:5: 855 daAuts
     D:2: 837 daAuts
     D:3: 789 daAuts
     D:6: 713 daAuts
    D:10: 284 daAuts
  Temple: 1 daAuts
